[Event "*** Titled Tuesday Blitz"]
[Site "Chess.com"]
[Date "2020.12.29"]
[Round "11"]
[White "BobbySteen89"]
[Black "chescomhuynya"]
[Result "0-1"]
[WhiteElo "2145"]
[BlackElo "2549"]
[TimeControl "180+1"]
[EndTime "12:00:56 PST"]
[Termination "chescomhuynya won by checkmate"]

1. e4 c5 2. Nf3 d6 3. d4 cxd4 4. Nxd4 Nf6 5. Nc3 a6 6. Bg5 Nbd7 7. f4 Qc7 8. Qe2 e6 9. O-O-O b5 10. g4 b4 11. Nd5 exd5 12. exd5+ Be7 13. Nc6 Nb8 14. Bxf6 gxf6 15. Re1 Nxc6 16. dxc6 Kd8 17. Bg2 Re8 18. f5 a5 19. Bd5 Rf8 20. Rhf1 Ba6 21. Bc4 Bxc4 22. Qxc4 Rc8 23. Qb5 Qxc6 24. Qxa5+ Qc7 25. Qxb4 Qxc2# 0-1

[Event "*** Titled Tuesday Blitz"]
[Site "Chess.com"]
[Date "2020.12.29"]
[Round "11"]
[White "Agoking701"]
[Black "sorrm8thatscheckm8"]
[Result "1-0"]
[WhiteElo "2365"]
[BlackElo "2487"]
[TimeControl "180+1"]
[EndTime "12:01:05 PST"]
[Termination "Agoking701 won by resignation"]

1. e4 c5 2. Nf3 Nc6 3. Bb5 g6 4. O-O Bg7 5. Re1 Nf6 6. e5 Nd5 7. c3 O-O 8. d4 cxd4 9. cxd4 d6 10. h3 Nc7 11. Bxc6 bxc6 12. Nc3 Rb8 13. Bg5 Rxb2 14.
exd6 Qxd6 15. Bxe7 Qb4 16. Bxb4 1-0

[Event "*** Titled Tuesday Blitz"]
[Site "Chess.com"]
[Date "2020.12.29"]
[Round "11"]
[White "yuki_chess123"]
[Black "Itk04"]
[Result "1/2-1/2"]
[WhiteElo "2240"]
[BlackElo "2467"]
[TimeControl "180+1"]
[EndTime "12:01:36 PST"]
[Termination "Game drawn by agreement"]

1. Nf3 Nf6 2. c4 e6 3. Nc3 d5 4. cxd5 exd5 5. d4 Be7 6. Bg5 O-O 7. Qc2 c6 8. e3 Re8 9. Bd3 h6 10.
Bxf6 Bxf6 11. b4 Be7 12. b5 c5 13. dxc5 Bxc5 14. O-O Bg4 15. Ne2 Nd7 16. Ned4 Rc8 17. Qb3 Ne5 18. Nxe5 Rxe5 19. Rac1 Bxd4 20. Rxc8 Bxc8 21.
exd4 Re7 22. Rc1 1/2-1/2

[Event "*** Titled Tuesday Blitz"]
[Site "Chess.com"]
[Date "2020.12.29"]
[Round "11"]
[White "glebus008"]
[Black "Tekushka"]
[Result "1/2-1/2"]
[WhiteElo "2247"]
[BlackElo "2391"]
[TimeControl "180+1"]
[EndTime "12:01:45 PST"]
[Termination "Game drawn by repetition"]

1. e4 e6 2. d4 d5 3. exd5 exd5 4. Nf3 Nf6 5. c4 Bd6 6. Nc3 O-O 7. Bd3 dxc4 8. Bxc4 Nc6 9. O-O Bg4 10. h3 Bxf3 11. Qxf3 Nxd4 12. Qxb7 Rb8 13. Qxa7 Ra8 14. Qb7 Rb8 15. Qa7 Ra8 16. Qb7 Rb8 17. Qa7 1/2-1/2

[Event "*** Titled Tuesday Blitz"]
[Site "Chess.com"]
[Date "2020.12.29"]
[Round "11"]
[White "Keks2017"]
[Black "swimmerchess"]
[Result "0-1"]
[WhiteElo "2577"]
[BlackElo "2803"]
[TimeControl "180+1"]
[EndTime "12:02:17 PST"]
[Termination "swimmerchess won by resignation"]

1. g3 Nf6 2. Bg2 g6 3. Nf3 Bg7 4. O-O O-O 5. d3 d6 6. c4 e5 7. Nc3 Nc6 8. Rb1 a5 9. a3 Re8 10. Ne1 Bf5 11. e4 Bg4 12. f3 Be6 13. Nc2 Nd7 14.
b4 axb4 15. axb4 f5 16. b5 Nd4 17. Nxd4 exd4 18. Nd5 Bxd5 19. cxd5 Nc5 20. Qc2 b6 21. Bd2 Ra3 22. Bb4 Rxd3 23. Bxc5 Rc3 24. Qd2 bxc5 25. Rfc1 Re3 26. Qa5 fxe4 27. fxe4 d3 28. Rd1 Bd4 29. Kh1 Rf8 30. Qa4 Rf2 31. Qc4 Ree2 32. Rg1 d2 33. Rbd1 Qf6 34. Qd3 Rxg2 35. Rxg2 Re1+ 36. Rg1 Bxg1 0-1

[Event "*** Titled Tuesday Blitz"]
[Site "Chess.com"]
[Date "2020.12.29"]
[Round "11"]
[White "Deepweb2020"]
[Black "esteban062000"]
[Result "1-0"]
[WhiteElo "2338"]
[BlackElo "2191"]
[TimeControl "180+1"]
[EndTime "12:02:20 PST"]
[Termination "Deepweb2020 won by resignation"]

1. d4 Nf6 2. Bf4 e6 3. e3 c5 4. c3 d5 5. Nd2 Bd6 6. Bg3 O-O 7.
Bd3 Nc6 8. Ngf3 b6 9. Ne5 Bb7 10.
f4 Nd7 11. Qf3 cxd4 12. exd4 f6 13. Qh5 f5 14. Bh4 Nf6 15. Qf3 Be7 16. Bxf6 Bxf6 17.
Qh3 Bxe5 18. fxe5 Qg5 19. O-O-O Qg4 20. Qe3 f4 21. Qf3 Qxf3 22. Nxf3 Rac8 23. Ng5 Nxd4 24. Bxh7+ Kh8 25. Rxd4 f3 26. Rh4 fxg2 27. Bf5+ Kg8 28. Bxe6+ Rf7 29. Rg1 1-0

[Event "*** Titled Tuesday Blitz"]
[Site "Chess.com"]
[Date "2020.12.29"]
[Round "11"]
[White "NMShanMeruga"]
[Black "GigaQuparadze"]
[Result "1-0"]
[WhiteElo "2505"]
[BlackElo "2880"]
[TimeControl "180+1"]
[EndTime "12:02:33 PST"]
[Termination "NMShanMeruga won by resignation"]

1. b3 c5 2. Bb2 d6 3. h4 e5 4. c4 h6 5. Nc3 Be7 6. e3 Bxh4 7. d4 cxd4 8. exd4 Be7 9. Nf3 Nd7 10. Qe2 exd4 11.
Nxd4 Ne5 12. O-O-O Nf6 13. f4 Bg4 14. Nf3 Nxf3 15.
gxf3 Be6 16. Rg1 O-O 17. f5 Bxf5 18. Nd5 Re8 19. Bxf6 Bg6 20. Nxe7+ Kh7 21. Rxg6 fxg6 22. Qe4 Rxe7 23. Bxe7 Qa5 24. Bd3 Qc3+ 25. Kb1 1-0

[Event "*** Titled Tuesday Blitz"]
[Site "Chess.com"]
[Date "2020.12.29"]
[Round "11"]
[White "Pantata007"]
[Black "1f3_2g41-0"]
[Result "1-0"]
[WhiteElo "2310"]
[BlackElo "2407"]
[TimeControl "180+1"]
[EndTime "12:02:34 PST"]
[Termination "Pantata007 won by resignation"]

1. d4 Nf6 2. c4 g6 3. Nc3 d5 4. cxd5 Nxd5 5. e4 Nxc3 6. bxc3 Bg7 7. Nf3 c5 8. Be3 O-O 9. Rc1 Nc6 10. d5 Na5 11.
Bxc5 Qc7 12. Bd4 Nc4 13. Bxg7 Nb2 14. Qd4 Rd8 15. Bh6 f6 16. Be2 Bd7 17. O-O Na4 18. e5 Bc6 19. c4 e6 20. exf6 Qf7 21. Ng5 e5 22. Qxe5 1-0

[Event "*** Titled Tuesday Blitz"]
[Site "Chess.com"]
[Date "2020.12.29"]
[Round "11"]
[White "Frolyanov_D"]
[Black "guillembaches"]
[Result "1-0"]
[WhiteElo "2643"]
[BlackElo "2458"]
[TimeControl "180+1"]
[EndTime "12:02:52 PST"]
[Termination "Frolyanov_D won by resignation"]

1. d4 Nf6 2. c4 e6 3. Nc3 Bb4 4. e3 O-O 5. Nf3 d5 6. Bd2 Re8 7. Bd3 b6 8. O-O Bb7 9. cxd5 exd5 10. Ne5 Bf8 11. f4 a6 12. Qc2 c5 13. Be1 Nc6 14. Bh4 Nb4 15. Bxf6 gxf6 16. Bxh7+ Kg7 17. Qf5 fxe5 18. fxe5 Qe7 19. Rf3 Kh8 20. Qh5 Bg7 21.
Bg6+ Kg8 22. Bxf7+ 1-0

[Event "*** Titled Tuesday Blitz"]
[Site "Chess.com"]
[Date "2020.12.29"]
[Round "11"]
[White "OparinGrigoriy"]
[Black "Grandelicious"]
[Result "1-0"]
[WhiteElo "2981"]
[BlackElo "2877"]
[TimeControl "180+1"]
[EndTime "12:02:57 PST"]
[Termination "OparinGrigoriy won by resignation"]

1. d4 d5 2. c4 c6 3. Nf3 Nf6 4. g3 e6 5. Bg2 Be7 6. O-O O-O 7.
b3 b6 8. Bb2 Bb7 9. Qc2 Nbd7 10. Nc3 Rc8 11. Rfd1 Ba6 12. e4 dxc4 13. Nd2 b5 14.
bxc4 bxc4 15. Bf1 Nb6 16. a4 c5 17. a5 Nbd7 18. d5 exd5 19. Nxd5 Nxd5 20. exd5 Bf6 21. Bxc4 Bxb2 22. Qxb2 Rb8 23. Qc3 Bxc4 24. Nxc4 Rb4 25. d6 Re8 26. Re1 h6 27. Rxe8+ Qxe8 28. Re1 Qa8 29. Qd3 Qc6 30. Re8+ Nf8 31. d7 1-0

[Event "*** Titled Tuesday Blitz"]
[Site "Chess.com"]
[Date "2020.12.29"]
[Round "11"]
[White "beto-betun"]
[Black "northridgehawk"]
[Result "1-0"]
[WhiteElo "2200"]
[BlackElo "2312"]
[TimeControl "180+1"]
[EndTime "12:03:07 PST"]
[Termination "beto-betun won by checkmate"]

1. d4 f5 2. Nf3 Nf6 3. g3 g6 4. Bg2 Bg7 5. O-O O-O 6. c4 c6 7. b3 d6 8. Bb2 Qc7 9. Nbd2 Na6 10. a3 Re8 11. Qc2 Nd7 12. e4 fxe4 13. Nxe4 e5 14. Neg5 exd4 15. Nxd4 Ne5 16. Rfe1 Nc5 17. Rad1 a5 18. f4 h6 19. fxe5 dxe5 20. Qxg6 hxg5 21. Qxe8+ Kh7 22. Nf3 Nd7 23. Nxg5+ Kh6 24. Nf7+ Kh7 25.
Be4# 1-0

[Event "*** Titled Tuesday Blitz"]
[Site "Chess.com"]
[Date "2020.12.29"]
[Round "11"]
[White "ShapkinAnatoliy"]
[Black "Natalya_Buksa"]
[Result "1-0"]
[WhiteElo "2700"]
[BlackElo "2544"]
[TimeControl "180+1"]
[EndTime "12:03:20 PST"]
[Termination "ShapkinAnatoliy won by resignation"]

1. d4 d5 2. c4 e6 3. Nf3 Nf6 4.
g3 Be7 5. Bg2 O-O 6. O-O dxc4 7.
Qc2 c6 8. a4 c5 9. dxc5 Nbd7 10. c6 bxc6 11. Nbd2 Rb8 12. Nxc4 Nc5 13. Bf4 Rb4 14. Rfd1 Qe8 15. Nd6 Qd8 16. Qxc5 Rxb2 17. Qxc6 Bd7 18. Qa6 Nd5 19. Nb5 Bc5 20. e3 Bc8 21. Qc6 Bd7 22. Qxc5 Bxb5 23. axb5 Qe8 24. Bd6 Rxb5 25. Qa3 1-0

[Event "*** Titled Tuesday Blitz"]
[Site "Chess.com"]
[Date "2020.12.29"]
[Round "11"]
[White "kleopl"]
[Black "theturtlemoves"]
[Result "0-1"]
[WhiteElo "2460"]
[BlackElo "2389"]
[TimeControl "180+1"]
[EndTime "12:03:33 PST"]
[Termination "theturtlemoves won by resignation"]

1. c4 e5 2. Nc3 Nf6 3. Nf3 Nc6 4. e4 Bb4 5. d3 d6 6. a3 Bxc3+ 7. bxc3 Ne7 8. Be2 Ng6 9. O-O O-O 10. Rb1 c6 11. Qb3 Re8 12. Be3 h6 13. Rfd1 d5 14. cxd5 cxd5 15. exd5 Nxd5 16. Bd2 Ndf4 17. Bf1 Qf6 18. Kh1 Be6 19. Qxb7 Bd5 20. Qb4 Nxg2 21. Bxg2 Bxf3 22.
Re1 Nh4 23. Re3 Nxg2 0-1

[Event "*** Titled Tuesday Blitz"]
[Site "Chess.com"]
[Date "2020.12.29"]
[Round "11"]
[White "bylavochka"]
[Black "omer1997"]
[Result "0-1"]
[WhiteElo "2127"]
[BlackElo "2301"]
[TimeControl "180+1"]
[EndTime "12:03:40 PST"]
[Termination "omer1997 won by resignation"]

1. e4 e5 2. Nf3 Nf6 3. d4 Nxe4 4.
Bd3 d5 5. dxe5 Nc6 6. h3 Bc5 7. O-O O-O 8. Nbd2 Bf5 9. c4 Nxf2 10. Rxf2 Bxd3 11. cxd5 Qxd5 12. Nf1 Bxf2+ 13. Kxf2 Be4 14. Bf4 Bxf3 15. Qxf3 Qxf3+ 16. gxf3 Rad8 17. Ng3 Rfe8 18. Re1 Nd4 19. Nh5 Ne6 20. Bc1 Nc5 21. Rg1 Nd3+ 22. Ke2 Nxc1+ 23. Rxc1 Rxe5+ 0-1

[Event "*** Titled Tuesday Blitz"]
[Site "Chess.com"]
[Date "2020.12.29"]
[Round "11"]
[White "Lion-Al-Messi"]
[Black "mat_kolosowski"]
[Result "1-0"]
[WhiteElo "2554"]
[BlackElo "2678"]
[TimeControl "180+1"]
[EndTime "12:04:02 PST"]
[Termination "Lion-Al-Messi won by resignation"]

1. e4 c5 2. Nf3 e6 3. d4 cxd4 4. Nxd4 Nc6 5. Nc3 Qc7 6. Be3 a6 7. Qd2 Nf6 8. f3 Ne5 9. Bf4 d6 10. O-O-O Bd7 11. g4 h6 12. h4 b5 13. a3 Rc8 14. Be2 Be7 15. g5 Nh5 16. Bh2 hxg5 17. hxg5 g6 18. f4 Nc4 19. Bxc4 Qxc4 20. f5 b4 21. axb4 Qxb4 22. fxg6 fxg6 23. e5 d5 24. Rhf1 Rb8 25. Nb3 a5 26. Qd3 Rg8 27. Nxd5 Bxg5+ 28. Kb1 Qb7 29. Nf6+ 1-0

[Event "*** Titled Tuesday Blitz"]
[Site "Chess.com"]
[Date "2020.12.29"]
[Round "11"]
[White "CraiggoryC"]
[Black "malakismayil"]
[Result "0-1"]
[WhiteElo "2186"]
[BlackElo "2298"]
[TimeControl "180+1"]
[EndTime "12:04:03 PST"]
[Termination "malakismayil won by resignation"]

1. e4 e5 2. Nf3 Nc6 3. Bb5 Nf6 4. d3 d6 5. O-O Be7 6. c3 O-O 7. Re1 Bg4 8. Nbd2 h6 9. h3 Bh5 10. Nf1 a6 11. Ba4 b5 12. Bc2 Bg6 13. Ng3 Re8 14. a4 Rb8 15. Nf5 Bxf5 16. exf5 Qd7 17. g4 b4 18. d4 Bf8 19. g5 hxg5 20. Bxg5 Nd5 21. Be4 Nf4 22. Bxf4 exf4 23. Qd2 d5 24. Bd3 Bd6 25.
Kh2 bxc3 26. bxc3 Na5 27. Rxe8+ Rxe8 28. Rg1 f6 29. Rg4 Qxa4 30. Qd1 Qxd1 0-1

[Event "*** Titled Tuesday Blitz"]
[Site "Chess.com"]
[Date "2020.12.29"]
[Round "11"]
[White "Rsnr"]
[Black "AryanTari"]
[Result "0-1"]
[WhiteElo "2802"]
[BlackElo "2901"]
[TimeControl "180+1"]
[EndTime "12:04:05 PST"]
[Termination "AryanTari won by resignation"]

1. b3 e5 2. Bb2 Nc6 3. e3 d5 4.
Bb5 Bd6 5. f4 f6 6. Nh3 Ne7 7.
fxe5 fxe5 8. O-O a6 9. Bxc6+ Nxc6 10. Nc3 Be6 11. Qh5+ g6 12. Qh6 Qd7 13. Ng5 O-O-O 14. Nxe6 Qxe6 15. e4 Nb4 16. exd5 Nxd5 17. Ne4 Be7 18.
Rae1 Rhe8 19. a3 Nf4 20. g3 Bf8 21. Qxh7 Rd7 22. Qh4 Be7 23. Qh6 Nh3+ 24. Kg2 Ng5 25. Nxg5 Rxd2+ 26. Rf2 Rxf2+ 27. Kxf2 Qf5+ 28. Nf3 Bc5+ 29. Kg2 Rf8 30. Qc1 Qxf3+ 0-1

[Event "*** Titled Tuesday Blitz"]
[Site "Chess.com"]
[Date "2020.12.29"]
[Round "11"]
[White "Chamal_Gedgafov"]
[Black "bazar-wokzal"]
[Result "1-0"]
[WhiteElo "2280"]
[BlackElo "2555"]
[TimeControl "180+1"]
[EndTime "12:04:06 PST"]
[Termination "Chamal_Gedgafov won by resignation"]

1. e4 Nc6 2. d4 d5 3. Nc3 Nf6 4. e5 Nd7 5. Nxd5 Ndb8 6. Nf4 Qxd4 7. Qxd4 Nxd4 8. Bd3 Bf5 9. Bxf5 Nxf5 10. e6 Nc6 11. Be3 Nxe3 12. fxe3 g5 13. exf7+ Kxf7 14. Nd3 g4 15. Ne2 Bh6 16. Nef4 e5 17. Nd5 Rad8 18. Rf1+ Kg6 19. e4 Rhe8 20. c3 Bg5 21. Ke2 Rc8 22.
Rf5 Re6 23. Raf1 Ne7 24. Nxe5+ Kh5 25. Nf4+ 1-0

[Event "*** Titled Tuesday Blitz"]
[Site "Chess.com"]
[Date "2020.12.29"]
[Round "11"]
[White "MIJuanReyesRosa"]
[Black "Alekseyviktorovich"]
[Result "0-1"]
[WhiteElo "2087"]
[BlackElo "2323"]
[TimeControl "180+1"]
[EndTime "12:04:06 PST"]
[Termination "Alekseyviktorovich won on time"]

1. e4 e6 2. d4 d5 3. Nd2 c5 4. exd5 Qxd5 5. dxc5 Qxc5 6. Ngf3 Nf6 7. Bd3 Be7 8. O-O O-O 9. Qe2 a6 10. Ne4 Qc7 11.
Re1 Nbd7 12. c3 b5 13. Bg5 Bb7 14. Rad1 Rfe8 15. Nxf6+ Nxf6 16. Ne5 Rad8 17. Bf4 Qb6 18. Be3 Qc7 19. Bd4 Bc5 20. Nxf7 Kxf7 21. Bxf6 gxf6 22.
Qh5+ Kg8 23. Bxh7+ Qxh7 24. Qxc5 Qg6 25. g3 Rxd1 26.
Rxd1 Qe4 0-1

[Event "*** Titled Tuesday Blitz"]
[Site "Chess.com"]
[Date "2020.12.29"]
[Round "11"]
[White "IrishMonkey"]
[Black "maxip32"]
[Result "1-0"]
[WhiteElo "2645"]
[BlackElo "2509"]
[TimeControl "180+1"]
[EndTime "12:04:13 PST"]
[Termination "IrishMonkey won by resignation"]

1. e4 c5 2. Nf3 d6 3. d4 cxd4 4. Nxd4 Nf6 5. Nc3 a6 6. Be3 e5 7. Nb3 Be6 8. f3 Be7 9. Qd2 O-O 10. O-O-O a5 11. Qe1 a4 12. Nc5 a3 13. b3 Qc8 14.
Nxe6 fxe6 15. Bb5 Nbd7 16. h4 Kh8 17. g4 Qc7 18. h5 Rfc8 19. Bc4 d5 20. exd5 exd5 21.
Rxd5 Bb4 22. h6 Bxc3 23. hxg7+ Kxg7 24. Rxd7+ Nxd7 25. Rxh7+ Kf8 26. Bh6+ Ke8 27. Qh4 Bb2+ 28. Kb1 Nf8 29. Qh5+ Kd8 30. Qg5+ 1-0

[Event "*** Titled Tuesday Blitz"]
[Site "Chess.com"]
[Date "2020.12.29"]
[Round "11"]
[White "kirillshevchenko"]
[Black "ftorodent"]
[Result "1-0"]
[WhiteElo "2878"]
[BlackElo "2663"]
[TimeControl "180+1"]
[EndTime "12:04:19 PST"]
[Termination "kirillshevchenko won by resignation"]

1. e4 e6 2. c4 d5 3. cxd5 exd5 4.
Qb3 Nf6 5. Nc3 d4 6. Bc4 Qd7 7. e5 Ng4 8. e6 fxe6 9. Ne4 Ne5 10. Nf3 Nxc4 11. Qxc4 Nc6 12. O-O Qd5 13. Qe2 Be7 14. d3 O-O 15. Bg5 e5 16. Bxe7 Nxe7 17. Rac1 Bg4 18.
Rxc7 Bxf3 19. gxf3 Ng6 20. Kh1 Nf4 21. Rg1 Rf7 22.
Qc2 Raf8 23. Nf6+ 1-0

[Event "*** Titled Tuesday Blitz"]
[Site "Chess.com"]
[Date "2020.12.29"]
[Round "11"]
[White "Matols"]
[Black "HeadShotRomanTest"]
[Result "1-0"]
[WhiteElo "2264"]
[BlackElo "2168"]
[TimeControl "180+1"]
[EndTime "12:04:19 PST"]
[Termination "Matols won by checkmate"]

1. d4 Nf6 2. c4 g6 3. g3 Bg7 4. Bg2 O-O 5. Nc3 d6 6. Nf3 Nc6 7. O-O a6 8. d5 Na5 9. Qd3 c5 10. e4 Rb8 11. Bd2 Bd7 12. b3 b5 13.
Rab1 Qc7 14. Rfe1 Ng4 15. h3 Ne5 16. Nxe5 Bxe5 17. f4 Bg7 18. Kh2 bxc4 19. bxc4 Rxb1 20. Rxb1 Rb8 21. e5 dxe5 22. Rxb8+ Qxb8 23. Ne4 Nb7 24. Qb3 Qc7 25. Be3 Bf5 26. Qa3 Bxe4 27. Bxe4 Qb6 28. fxe5 Bxe5 29. Qa4 Qb2+ 30. Bg2 Nd6 31. Qxa6 Qe2 32.
Bh6 f5 33. Qa8+ Kf7 34. Qf8# 1-0

[Event "*** Titled Tuesday Blitz"]
[Site "Chess.com"]
[Date "2020.12.29"]
[Round "11"]
[White "orestn"]
[Black "pavel_skatchkov"]
[Result "0-1"]
[WhiteElo "2372"]
[BlackElo "2582"]
[TimeControl "180+1"]
[EndTime "12:04:20 PST"]
[Termination "pavel_skatchkov won by resignation"]

1. e4 e5 2. Nf3 d5 3. exd5 e4 4. Qe2 Nf6 5. d3 Qxd5 6. Nc3 Bb4 7. Bd2 Bxc3 8. Bxc3 O-O 9. dxe4 Nxe4 10. Qd3 Nxc3 11. Qxc3 Re8+ 12. Be2 Nc6 13. Kf1 Bg4 14. h3 Rxe2 15.
Kxe2 Nd4+ 16. Kf1 Bxf3 17. gxf3 Nxf3 18. Qd3 Qc6 19. h4 Ne5 20. Qh3 Qxc2 21. Kg1 Qxb2 22. Rd1 Qxa2 23. Kg2 Ng6 24. Qf3 h5 25. Qxb7 Re8 26.
Rhe1 Rxe1 27. Rxe1 Nxh4+ 28. Kh3 Qxf2 29. Re8+ Kh7 30.
Qe4+ Ng6 31. Qe3 Nf4+ 0-1

[Event "*** Titled Tuesday Blitz"]
[Site "Chess.com"]
[Date "2020.12.29"]
[Round "11"]
[White "Alexander_Zubov"]
[Black "PSvidler"]
[Result "1-0"]
[WhiteElo "2933"]
[BlackElo "2836"]
[TimeControl "180+1"]
[EndTime "12:04:23 PST"]
[Termination "Alexander_Zubov won by resignation"]

1. d4 Nf6 2. Nf3 g6 3. Nbd2 Bg7 4. e4 O-O 5. Bd3 d6 6. O-O c5 7. c3 cxd4 8. cxd4 Nc6 9. Re1 Bd7 10. a3 Rc8 11. d5 Nb8 12. Nf1 Na6 13. Ng3 Nc5 14. Bc2 a5 15. Be3 Ng4 16. Bd4 Bxd4 17. Qxd4 a4 18. h3 Nf6 19. Rad1 Qb6 20. e5 dxe5 21. Nxe5 Rfd8 22. Nc4 Qa6 23. Rxe7 Bb5 24. d6 Ncd7 25. Ne3 Rc5 26. Ne4 Nxe4 27. Bxe4 Be2 28. Rxd7 Rxd7 29.
Qxc5 Bxd1 30. Qc8+ 1-0

[Event "*** Titled Tuesday Blitz"]
[Site "Chess.com"]
[Date "2020.12.29"]
[Round "11"]
[White "GM4life"]
[Black "MPGM"]
[Result "1-0"]
[WhiteElo "2454"]
[BlackElo "2671"]
[TimeControl "180+1"]
[EndTime "12:04:29 PST"]
[Termination "GM4life won by resignation"]

1. e4 c6 2. d4 d5 3. e5 c5 4.
dxc5 e6 5. a3 Bxc5 6. b4 Be7 7.
Nf3 f6 8. Bb2 Nh6 9. Bd3 Nf7 10.
O-O Nd7 11. Qe2 fxe5 12. Bb5 e4 13. Nd4 Qb6 14. Qg4 a6 15. Nxe6 Rg8 16. Nxg7+ Kf8 17.
Ne6+ Qxe6 18. Qxe6 axb5 19. Qxd5 Nb6 20. Qxe4 Nc4 21. Bd4 Ra6 22. g3 Re6 23. Qf4 Bd6 24. Bc5 Bxc5 25. bxc5 Bd7 26. Nc3 Bc6 27. Rfe1 Rgg6 28.
Qb8+ Kg7 29. Rxe6 Rxe6 30. Qf4 Nfe5 31. Ne4 Nf3+ 32. Qxf3 Rxe4 33. Qc3+ Kg6 34. Re1 Rxe1+ 35. Qxe1 Kf5 36. Qe7 Ne5 37. Qxh7+ Ke6 38. Qh6+ Ke7 39. f4 Nf3+ 40. Kf2 Nd4 41. Qd6+ 1-0

[Event "*** Titled Tuesday Blitz"]
[Site "Chess.com"]
[Date "2020.12.29"]
[Round "11"]
[White "annacramling"]
[Black "TST2014"]
[Result "0-1"]
[WhiteElo "2074"]
[BlackElo "2533"]
[TimeControl "180+1"]
[EndTime "12:04:29 PST"]
[Termination "TST2014 won by resignation"]

1. d4 Nf6 2. c4 c5 3. d5 b5 4. cxb5 a6 5. Nc3 axb5 6. e4 b4 7. Nb5 d6 8. Bc4 g6 9. e5 dxe5 10. d6 exd6 11. Bg5 Be7 12. Bxf6 Bxf6 13. Nxd6+ Kf8 14.
Nxf7 Qxd1+ 15. Rxd1 Rg8 16. Nd6 Ba6 17. Bxg8 Kxg8 18. Ne4 Be7 19. Nf3 Nc6 20. Rc1 Rc8 21. Kd2 c4 22. Rhd1 Nd4 23. Nxd4 exd4 24. Ke1 d3 25. b3 c3 26. Kf1 d2+ 27. Kg1 dxc1=Q 28. Rxc1 Rd8 29. h3 Be2 30. Ng3 Rd1+ 31. Rxd1 Bxd1 0-1

[Event "*** Titled Tuesday Blitz"]
[Site "Chess.com"]
[Date "2020.12.29"]
[Round "11"]
[White "FlamingPhoenix123"]
[Black "Kosak12"]
[Result "1-0"]
[WhiteElo "2627"]
[BlackElo "2753"]
[TimeControl "180+1"]
[EndTime "12:04:30 PST"]
[Termination "FlamingPhoenix123 won by resignation"]

1. e4 c5 2. Nf3 e6 3. d4 cxd4 4.
Nxd4 a6 5. c4 Qc7 6. a3 Nf6 7.
Nc3 b6 8. Be3 Bb7 9. f3 d6 10. Be2 Nbd7 11. O-O Be7 12. b4 O-O 13. Rc1 Rac8 14. Qd2 Qb8 15. Na4 Bd8 16. Kh1 Bc7 17. Bg1 Rfe8 18. Rfd1 d5 19. exd5 exd5 20. c5 Bf4 21.
Qb2 Bxc1 22. Rxc1 bxc5 23. bxc5 Ne5 24. Rb1 Bc6 25. Nb6 Rc7 26. Bxa6 g6 27. Nxc6 Rxc6 28.
Bb5 Qc7 29. Bxc6 Qxc6 30. Bd4 Nfd7 31. Nxd7 Nxd7 32. Qc3 h5 33. Re1 Ra8 34. Qe3 Ra4 35. Qe8+ Nf8 36. Qxc6 1-0

[Event "*** Titled Tuesday Blitz"]
[Site "Chess.com"]
[Date "2020.12.29"]
[Round "11"]
[White "AlleyOoper"]
[Black "SHIVACalypso"]
[Result "1-0"]
[WhiteElo "2621"]
[BlackElo "2476"]
[TimeControl "180+1"]
[EndTime "12:04:36 PST"]
[Termination "AlleyOoper won by resignation"]

1. d4 e6 2. Nf3 Nf6 3. c4 d5 4. Nc3 Bb4 5. a3 Bxc3+ 6. bxc3 O-O 7. cxd5 exd5 8. e3 h6 9. c4 Be6 10. cxd5 Bxd5 11. Be2 b6 12. O-O Nbd7 13. a4 c5 14. Ba3 Re8 15. a5 Rb8 16. axb6 axb6 17. Rc1 Ne4 18. Bb5 Ndf6 19. Bxe8 Qxe8 20. dxc5 Nxf2 21.
Rxf2 Qxe3 22. Bb2 Ng4 23. Bd4 Nxf2 24. Bxe3 Nxd1 25. Rxd1 Bxf3 26. gxf3 bxc5 27. Bxc5 Rc8 28. Be3 Rc3 29. Kf2 Rc2+ 30. Rd2 Rc4 31. Rd8+ Kh7 32.
Rd7 Kg6 33. Rd6+ Kh7 34. Rd4 Rc2+ 35. Kg3 Rc6 36. h4 Rg6+ 37. Rg4 Re6 38. Bd4 g6 39. Re4 Rd6 40. Be5 Rd5 41. Bf6 g5 42. h5 Rf5 43. Bd4 Rd5 44. Kf2 Rd7 45. Ke3 1-0

[Event "*** Titled Tuesday Blitz"]
[Site "Chess.com"]
[Date "2020.12.29"]
[Round "11"]
[White "grunbergmihai"]
[Black "HrvojeZagreb"]
[Result "0-1"]
[WhiteElo "2435"]
[BlackElo "2275"]
[TimeControl "180+1"]
[EndTime "12:04:36 PST"]
[Termination "HrvojeZagreb won by resignation"]

1. d4 e6 2. Nf3 f5 3. c4 Nf6 4. Nc3 Bb4 5. Qc2 O-O 6. a3 Bxc3+ 7. Qxc3 d6 8. Bf4 Qe7 9. e3 b6 10. Nd2 Bb7 11. f3 Nbd7 12. Bg3 e5 13. dxe5 dxe5 14.
O-O-O a5 15. Kb1 Rad8 16. Bd3 g6 17. Bc2 Rfe8 18. Bh4 Kg7 19. Rhg1 h6 20. g4 fxg4 21. fxg4 g5 22. Bg3 Nc5 23. h4 Nfe4 24. Nxe4 Rxd1+ 25. Rxd1 Nxe4 26. Qe1 Nxg3 27. Qxg3 gxh4 28. Qh2 Bc6 29.
Bf5 Qg5 30. Rd3 h5 31. Qh3 hxg4 32. Qf1 Rf8 33. e4 Bxe4 0-1

[Event "*** Titled Tuesday Blitz"]
[Site "Chess.com"]
[Date "2020.12.29"]
[Round "11"]
[White "NoGalloNoParty"]
[Black "AttilaTurzo"]
[Result "0-1"]
[WhiteElo "2381"]
[BlackElo "2494"]
[TimeControl "180+1"]
[EndTime "12:04:37 PST"]
[Termination "AttilaTurzo won on time"]

1. d4 d5 2. Nf3 c6 3. c4 Nf6 4. Qc2 a6 5. a4 Bg4 6. Ne5 Bh5 7. e3 e6 8. c5 Nbd7 9. Nd3 Be7 10. Qb3 Qc7 11.
a5 O-O 12. Nc3 Rae8 13. Be2 Bxe2 14. Nxe2 e5 15. O-O exd4 16. exd4 Bxc5 17. Nxc5 Nxc5 18. Qf3 Nce4 19. Bf4 Qd7 20. Rfe1 Re6 21. h3 Rfe8 22. Be5 Nd2 23. Qd3 Nc4 24. Nf4 Nxe5 25. dxe5 Rxe5 26. Rxe5 Rxe5 27. Qd4 Re4 0-1

[Event "*** Titled Tuesday Blitz"]
[Site "Chess.com"]
[Date "2020.12.29"]
[Round "11"]
[White "IMUffeVinther-Schou"]
[Black "MatyChess1"]
[Result "1-0"]
[WhiteElo "2419"]
[BlackElo "2511"]
[TimeControl "180+1"]
[EndTime "12:04:40 PST"]
[Termination "IMUffeVinther-Schou won by resignation"]

1. e4 c5 2. Nf3 g6 3. c3 Nc6 4.
d4 d5 5. Bb5 dxe4 6. Ne5 Bd7 7.
Nxd7 Qxd7 8. d5 a6 9. Ba4 b5 10.
dxc6 Qxc6 11. Bc2 Nf6 12. O-O Bg7 13. Qe2 O-O 14. Nd2 Nd5 15. Nxe4 Rad8 16. Be3 Nxe3 17. Qxe3 h6 18. Rad1 c4 19. Qc5 Qb7 20. Rfe1 f5 21. Ng3 Bf6 22. Rxd8 Rxd8 23. Rd1 Rxd1+ 24. Bxd1 Qd7 25.
Bf3 Kg7 26. Qd5 Qc7 27. Ne2 b4 28. Nd4 Qb6 29. Ne6+ Kh7 30. Nf8+ Kg7 31. Nd7 bxc3 32. Nxb6 cxb2 33. Qd1 c3 34. Nd5 Be5 35. Qc2 e6 36.
Nxc3 1-0

[Event "*** Titled Tuesday Blitz"]
[Site "Chess.com"]
[Date "2020.12.29"]
[Round "11"]
[White "VerdeNotte"]
[Black "kingofthenil"]
[Result "0-1"]
[WhiteElo "2873"]
[BlackElo "2781"]
[TimeControl "180+1"]
[EndTime "12:04:41 PST"]
[Termination "kingofthenil won by checkmate"]

1. a3 d5 2. Nf3 Nf6 3. b4 Bg4 4.
Ne5 Bf5 5. Bb2 e6 6. d3 Nbd7 7. Nd2 Bd6 8. Nxd7 Qxd7 9. e4 dxe4 10. dxe4 Nxe4 11. Nxe4 Bxe4 12. Bxg7 Rg8 13. Bf6 Qc6 14. Qh5 Qxc2 15. Rd1 Rg6 16. Bb5+ c6 17. Rxd6 Rxf6 18.
Qe5 Qxf2+ 19. Kd1 Qc2+ 20. Ke1 Qf2+ 21. Kd1 Bc2+ 22. Kc1 cxb5 23. Rd2 Qf5 24. Qd6 Be4 25. Kb2 Bd5 26. Re1 Rd8 27. Qc5 Bc6 28. Rxd8+ Kxd8 29. Qf8+ Kd7 30. Re2 Qd3 31. Rc2 Qd4+ 32. Ka2 Bd5+ 33.
Kb1 Rf1+ 34. Rc1 Qd3+ 35. Kb2 Qb3+ 36. Ka1 Qa2# 0-1